 Dungeon Crawl Stone Soup version 0.28-a0-628-g3c9886e45e (webtiles) character file.

Game seed: 4242961264460097004

58 EnegeticOcto the Skirmisher (level 4, -1/29 HPs)
             Began as a Gargoyle Fighter on Oct 8, 2021.
             Slain by an adder (2 damage)
             ... on level 2 of the Dungeon.
             The game lasted 00:00:26 (1234 turns).

EnegeticOcto the Skirmisher (Gargoyle Fighter)      Turns: 1234, Time: 00:00:26

Health: -1/29      AC: 10    Str: 20    XL:     4   Next: 1%
Magic:  4/4        EV:  9    Int:  9    God:
Gold:   57         SH:  4    Dex:  9    Spells: 3/3 levels left

rFire   + . .      SeeInvis .   a - +0 war axe
rCold   . . .      Faith    .   c - +0 buckler
rNeg    + . .      Spirit   .   b - +0 scale mail
rPois   ∞          Reflect  .   (no helmet)
rElec   +          Harm     .   (no cloak)
rCorr   +          Rampage  .   (no gloves)
Will    .....                   (no boots)
Stlth   ..........              (no amulet)
HPRegen 0.09/turn               k - ring of resist corrosion
MPRegen 0.09/turn               l - ring of protection from fire

@: slowed, very slow
A: sickness immunity, AC +3, negative energy resistance 1, electricity
resistance, torment resistance 1, petrification resistance
a: no special abilities


You were on level 2 of the Dungeon.
You visited 1 branch of the dungeon, and saw 2 of its levels.

You collected 57 gold pieces.

Inventory:

Hand Weapons
 a - a +0 war axe (weapon)
Armour
 b - a +0 scale mail (worn)
 c - a +0 buckler (worn)
Jewellery
 k - a ring of resist corrosion (left hand)
 l - a ring of protection from fire (right hand)
Scrolls
 e - a scroll of identify {unknown}
 g - 4 scrolls of teleportation {unknown}
 h - a scroll of summoning {unknown}
 n - a scroll of vulnerability {unknown}
Potions
 d - a potion of might {@q3}
 f - a potion of heal wounds {unknown}
 i - a potion of ambrosia {unknown}
 j - a potion of curing {unknown}
 m - a potion of mutation {unknown}


   Skills:
 + Level 3.7 Fighting
 * Level 2.7 Axes
 + Level 3.7 Armour
 + Level 0.9 Dodging
 - Level 3.3 Shields


You had 3 spell levels left.
You didn't know any spells.
Your spell library was empty.

Dungeon Overview and Level Annotations

Branches:
Dungeon (2/15)

Altars:


Innate Abilities, Weirdness & Mutations

You are immune to sickness and miasma.
Your stone body is resilient. (AC +3)
You are immune to poison.
You resist negative energy. (rN+)
You are resistant to electric shocks. (rElec)
You are resistant to unholy torment.
You are immune to petrification.


Message History

There are monsters nearby!
Natasha claws you but does no damage.
You barely miss Natasha. You closely miss the adder.
You block the adder's attack. Natasha closely misses you.
The adder bites you but does no damage. Natasha barely misses you.
You barely miss Natasha. You barely miss the adder.
The adder bites you but does no damage. The adder barely misses you.
Natasha claws you but does no damage.
You miss Natasha. You closely miss the adder.
The adder bites you but does no damage.
Natasha casts a spell.
The adder bites you but does no damage.
You closely miss Natasha. You hit the adder but do no damage.
Natasha claws you but does no damage. The adder bites you but does no damage.
Natasha claws you but does no damage.
You barely miss Natasha. You closely miss the adder.
The adder bites you but does no damage. x2
Natasha claws you but does no damage.
You hit Natasha but do no damage. You hit the adder but do no damage.
The adder bites you but does no damage. Natasha claws you.
The adder barely misses you.
The shadow imp hits you but does no damage.
You hit the shadow imp but do no damage.
You closely miss the adder. You hit Natasha but do no damage.
Natasha closely misses you. The adder barely misses you.
The shadow imp hits you but does no damage.
Natasha claws you but does no damage. You block the adder's attack.
You barely miss the shadow imp. You miss the adder. You barely miss Natasha.
The adder bites you but does no damage.
The shadow imp hits you but does no damage.
Natasha casts a spell at you. The magic dart hits you!
You closely miss the shadow imp. You barely miss the adder.
You closely miss Natasha. The adder bites you but does no damage.
The shadow imp hits you but does no damage.
Natasha extends her claws.
You block Natasha's attack. The adder barely misses you.
The shadow imp puffs mist at you. The shadow imp barely misses you.
Natasha claws you but does no damage.
You hit the shadow imp but do no damage.
You hit the adder. You closely miss Natasha. The adder barely misses you.
The shadow imp closely misses you. The adder barely misses you.
Natasha closely misses you.
You miss the adder.
The adder is lightly wounded.
You barely miss the shadow imp. You hit Natasha. The adder closely misses you.
The shadow imp closely misses you. Natasha claws you but does no damage.
The adder barely misses you.
The shadow imp hits you but does no damage.
You slash Natasha!
Natasha is almost dead.
You miss the adder. You hit the shadow imp. The adder bites you.
Natasha casts a spell at you. The magic dart hits you.
The shadow imp closely misses you. The adder bites you but does no damage.
Natasha mumbles some strange words.
You are too injured to fight recklessly!
You are too injured to fight recklessly!
You are too injured to fight recklessly!
You are too injured to fight recklessly!
You are too injured to fight recklessly!
You are too injured to fight recklessly!
You are too injured to fight recklessly!
You are too injured to fight recklessly!
You are too injured to fight recklessly!
You are too injured to fight recklessly!
You are too injured to fight recklessly!
You are too injured to fight recklessly!
You are too injured to fight recklessly!
You are too injured to fight recklessly!
You are too injured to fight recklessly!
You closely miss Natasha.
Natasha is almost dead.
You hit the shadow imp but do no damage.
You slash the crimson imp! You hit the adder.
The adder bites you but does no damage. The shadow imp closely misses you.
Natasha casts a spell at you.
You feel yourself slow down.
The crimson imp sputters.
The crimson imp hits you. The adder bites you but does no damage.
You hit Natasha.
You kill Natasha!
Natasha screams in pain as she dies!
The shadow imp disappears in a puff of smoke!
The crimson imp disappears in a puff of smoke!
You hit the adder. The adder closely misses you. The adder bites you.
* * * LOW HITPOINT WARNING * * *
You have reached level 4!
You feel clever.
You miss the adder.
The adder is almost dead.
The adder bites you.
* * * LOW HITPOINT WARNING * * *
You block the adder's attack. The adder misses you.
You completely miss the adder.
The adder is almost dead.
The adder bites you.
* * * LOW HITPOINT WARNING * * *
The adder closely misses you. The adder bites you.
You die...

....####### #.#
##.........## #.#
#..8.....8..# ##.#
#............ ####..#
#..........# ......##
#......>...#
.#.....#####..........#
<...............@†....#
.........####.8..S..8.#
###...##.# #.........#
##.....#.###########..#
#............. .#
..........# #
....†....## .......#.#
#.#...##.#


You could see an adder.

Vanquished Creatures
  Natasha (D:2)
  A gnoll (D:1)
  2 endoplasms (D:2)
  2 giant cockroaches (D:1)
  3 goblins
  A hobgoblin (D:2)
  A quokka (D:1)
  4 ball pythons (D:1)
  4 kobolds (D:1)
  3 rats (D:1)
22 creatures vanquished.

Notes
Turn   | Place    | Note
-------+----------+-------------------------------------------
     0 | D:1      | EnegeticOcto the Gargoyle Fighter began the quest for the
                  | Orb.
     0 | D:1      | Reached XP level 1. HP: 14/14 MP: 1/1
   285 | D:1      | Reached XP level 2. HP: 19/19 MP: 2/2
   468 | D:1      | Reached XP level 3. HP: 10/23 MP: 3/3
  1215 | D:2      | Noticed Natasha
  1232 | D:2      | Killed Natasha
  1233 | D:2      | Reached XP level 4. HP: 8/29 MP: 4/4
  1234 | D:2      | HP: 1/29 [adder (4)]
  1234 | D:2      | Slain by an adder

Illustrated notes

Levels and vault maps discovered:
D:1:      wander_arrival_desolate, layout_basic
D:2:      layout_loops_ring, serial_shops, shop, st_stairs_1, uniq_natasha,
          uniq_crazy_yiuf_cottage

Skill      XL: |  1 |
---------------+----+-----
Axes           | 2 |  2.7
Fighting       | |  3.7
Armour         | |  3.7
Dodging        | |  0.9
Shields        | |  3.3

Action                   |  1- 3 |  4- 6 || total
-------------------------+-------+-------++-------
Melee: War axe           |    73 |     2 ||    75
Armor: Scale mail        |    59 |       ||    59
Dodge: Dodged            |    49 |     2 ||    51
Block: Buckler           |    13 |     1 ||    14

Table legend: (Time is in decaauts)
 A = Elapsed time spent in this place.
 B = Non-inter-level travel time spent in this place.
 C = Inter-level travel time spent in this place.
 D = Time resting spent in this place.
 E = Time spent auto-exploring this place.
 F = Levels seen in this place.
 G = Mean time per level.
                   A        B        C        D        E       F      G
               +--------+--------+--------+--------+--------+-----+--------+
         Total |   1263 |   1223 |     40 |      0 |   1033 |   2 |  631.5 |
       Dungeon |   1263 |   1223 |     40 |      0 |   1033 |   2 |  631.5 |
               +--------+--------+--------+--------+--------+-----+--------+

Top non-repeatable levels by time:
     D:1: 1054 daAuts
     D:2: 209 daAuts
